 Dungeon Crawl Stone Soup version 0.30-a0-556-g0a0f5a245f (webtiles) character file.

Game seed: 2951415722168985704

13193 Bnni the Skirmisher (level 12, -4/92 HPs)
             Began as a Formicid Hexslinger on Dec 27, 2022.
             Was a High Priest of Okawaru.
             Slain by a white ugly thing (16 damage)
             ... in an ice cave.
             The game lasted 00:38:44 (10857 turns).

Bnni the Skirmisher (Formicid Hexslinger)          Turns: 10857, Time: 00:38:45

Health: -4/92      AC:  9    Str: 15    XL:     12   Next: 29%
Magic:  1/28       EV: 12    Int: 16    God:    Okawaru [*****.]
Gold:   880        SH:  0    Dex: 16    Spells: 1/21 levels left

rFire   + . .      SeeInvis +    c - +6 shortbow
rCold   . . .      Faith    .    (no shield)
rNeg    . . .      Spirit   .    a - +1 leather armour {rF+}
rPois   .          Reflect  .    (helmet unavailable)
rElec   .          Harm     .    z - +1 cloak {rCorr}
rCorr   +          Rampage  .    w - +0 pair of gloves
Will    +....                    B - +0 pair of boots
Stlth   +                        (no amulet)
HPRegen 0.35/turn                g - ring of wizardry
MPRegen 0.21/turn                C - ring of magical power

@: portalling projectiles
A: permanent stasis, dig shafts and tunnels, antennae 3, four strong arms
a: Dig, Renounce Religion, Heroism, Finesse, Duel


You were in an ice cave.
You worshipped Okawaru.
Okawaru was extremely pleased with you.
You visited 2 branches of the dungeon, and saw 10 of its levels.
You also visited: Ice Cave.

You collected 880 gold pieces.

Inventory:

Hand Weapons
 c - a +6 shortbow (weapon)
 f - a +0 arbalest
Missiles
 E - 5 curare-tipped darts
 F - a throwing net
Armour
 a - a +1 leather armour of fire resistance (worn)
 w - a +0 pair of gloves (worn)
 z - a +1 cloak of preservation (worn)
 B - a +0 pair of boots (worn)
Jewellery
 g - a ring of wizardry (left hand)
 C - a ring of magical power (right hand)
 G - an amulet of faith
 H - a ring of willpower
Wands
 p - a wand of light (5)
 v - a wand of roots (21)
 y - a wand of polymorph (6)
Scrolls
 b - 6 scrolls of poison
 d - 3 scrolls of blinking {unknown}
 i - 3 scrolls of magic mapping {unknown}
 j - 2 scrolls of torment
 k - 2 scrolls of fear
 n - a scroll of silence
 q - 4 scrolls of vulnerability {unknown}
 t - 3 scrolls of enchant weapon
 A - 4 scrolls of enchant armour
Potions
 e - 8 potions of attraction {unknown}
 h - 5 potions of curing
 l - 3 potions of flight {unknown}
 m - a potion of ambrosia {unknown}
 o - a potion of cancellation
 s - 4 potions of mutation {unknown}
 u - a potion of haste {unknown}
 x - a potion of might {unknown}
 D - a potion of brilliance {unknown}
 I - a potion of berserk rage {unknown}


   Skills:
 + Level 8.1 Fighting
 * Level 10.6 Ranged Weapons
 - Level 5.0 Armour
 - Level 1.7 Dodging
 - Level 5.0 Spellcasting
 - Level 10.0 Hexes
 - Level 3.0 Fire Magic
 + Level 0.2 Ice Magic
 - Level 3.0 Earth Magic
 * Level 10.5 Invocations


You had one spell level left.
You knew the following spells:

 Your Spells              Type           Power      Damage    Failure   Level
a - Slow                  Hex            100%       N/A       1%          1
b - Inner Flame           Hex/Fire       24%        N/A       1%          3
c - Portal Projectile     Hex/Tloc       40%        N/A       2%          3
d - Cause Fear            Hex            18%        N/A       1%          4
e - Leda's Liquefaction   Hex/Erth       12%        N/A       4%          4
f - Metabolic Englaciati  Hex/Ice        10%        N/A       24%         5

Your spell library contained the following spells:

 Spells                   Type           Power      Damage    Failure   Level
 Magic Dart               Conj           16%        1d3       8%          1
 Fulminant Prism          Conj/Hex       10%        3d9       9%          4
 Searing Ray              Conj           8%         2d4       11%         2
 Petrify                  Tmut/Erth      8%         N/A       34%         4
 Statue Form              Tmut/Erth      5%         N/A       99%         6
 Call Canine Familiar     Summ           Unusable   N/A       N/A         3

Dungeon Overview and Level Annotations

Branches:
Dungeon (11/15)            Temple (1/1) D:5             Orc (0/2) D:11
  IceCv (1/1)
   Lair: D:8-11

Altars:
Dithmenos
Fedhas
Hepliaklqana
Kikubaaqudgha
Makhleb
Nemelex Xobeh
Okawaru
Qazlal
Sif Muna
Trog
Uskayaw
Xom
Yredelemnul
Zin
The Shining One

Annotations:
IceCv exclusion: ice statue


Innate Abilities, Weirdness & Mutations

You cannot be hasted, slowed, berserked, paralysed or teleported.
You can dig through walls and to a lower floor.
You have a pair of large antennae on your head. (SInv)
Your four strong arms can wield two-handed weapons with a shield.


Message History

The ice beast hits you but does no damage.
Fire: c) +6 shortbow
Press: ? - help, Shift-Dir - straight line, f/p - white ugly thing
Aim: a white ugly thing (heavily wounded, inner flame, 76% to hit)
You magically shoot an arrow.
The arrow hits the white ugly thing.
Flame seeps out of the white ugly thing.
The white ugly thing is heavily wounded.
The white ugly thing is engulfed in blazing flames.
Flame seeps out of the white ugly thing.
The ice beast misses you.
Fire: c) +6 shortbow
Press: ? - help, Shift-Dir - straight line, f/p - white ugly thing
Aim: a white ugly thing (severely wounded, inner flame, 76% to hit)
You magically shoot an arrow.
The arrow barely misses the white ugly thing.
The ice beast hits you. The ice beast freezes you!
Fire: c) +6 shortbow
Press: ? - help, Shift-Dir - straight line, f/p - white ugly thing
Aim: a white ugly thing (severely wounded, inner flame, 76% to hit)
You magically shoot an arrow.
The arrow barely misses the white ugly thing.
The ice beast completely misses you.
The ice beast hits you but does no damage.
Casting: Portal Projectile (mildly dangerous; 2% risk of failure)
Confirm with . or Enter, or press ? or * to list all spells.
Casting: Cause Fear (mildly dangerous; 1% risk of failure)
Press: ? - help, Dir - look around, f - activate The ice beast looks frightened! x2
The white ugly thing resists with almost no effort.
The white ugly thing claws you! The white ugly thing freezes you!!
* * * LOW HITPOINT WARNING * * *
You feel much better.
The white ugly thing closely misses you.
As you read the scroll of fear, it crumbles to dust.
You assume a fearsome visage.
The white ugly thing resists with some effort.
The white ugly thing claws you.
* * * LOW HITPOINT WARNING * * *
The white ugly thing freezes you!
You die...

#.......#
#.......#
#...∩...#
##.....##
##...##
##.##
##...##
##.....##
#..@....#
#..u....#
#.......#
#(....Y.#
#[......#
####Y####
.....
#.......#
#.......#


You could see a white ugly thing (inner flame) and 2 ice beasts.

Vanquished Creatures
  Erolcha (D:10)
  2 two-headed ogres (D:10)
  A boulder beetle (D:10)
  Sonja (D:10)
  3 cyclopes (D:10)
  A gargoyle (D:10)
  A kobold demonologist (D:10)
  2 unseen horrors
  An anaconda simulacrum (IceCv)
  3 komodo dragons
  Grinder (D:6)
  3 trolls
  A shadow (D:10)
  Sigmund (D:2)
  5 wyverns
  8 yaks (D:10)
  Eustachio (D:4)
  2 wraiths (D:10)
  Grum (D:11)
  A death yak simulacrum (IceCv)
  A vampire mosquito (D:10)
  2 acid dragons
  Menkaure (D:7)
  Duvessa (D:7)
  An ice beast (D:5)
  3 orc warriors
  2 ogres
  2 centaurs
  A wolf (D:11)
  2 kobold brigands
  A gnoll sergeant (D:10)
  4 scorpions
  A two-headed ogre simulacrum (D:11)
  A cane toad simulacrum (IceCv)
  Dowan (D:7)
  A wight (D:10)
  5 killer bees (D:10)
  2 howler monkeys (D:10)
  3 jellies
  2 hounds (D:3)
  Crazy Yiuf (D:4)
  2 gnoll boudas (D:5)
  3 orc priests
  4 iguanas
  Ijyb (D:4)
  Terence (D:3)
  6 orc wizards
  A troll simulacrum (D:11)
  A spriggan simulacrum (D:11)
  2 wolf simulacra (IceCv)
  A polar bear simulacrum (IceCv)
  17 gnolls
  8 adders
  A white imp (D:3)
  An ufetubus (D:4)
  2 worms
  4 dart slugs
  24 orcs
  3 ball pythons
  6 bats
  8 endoplasms
  4 giant cockroaches
  10 goblins
  10 hobgoblins
  5 jackals
  7 quokkas
  6 frilled lizards
  14 kobolds
  3 rats
233 creatures vanquished.

Notes
Turn   | Place    | Note
-------+----------+-------------------------------------------
     0 | D:1      | Bnni the Formicid Hexslinger began the quest for the Orb.
     0 | D:1      | Reached XP level 1. HP: 15/15 MP: 2/2
    86 | D:1      | Reached XP level 2. HP: 18/21 MP: 3/3
   304 | D:1      | Reached XP level 3. HP: 26/26 MP: 4/4
   308 | D:1      | Learned a level 3 spell: Inner Flame
   907 | D:2      | Noticed Sigmund
   921 | D:1      | Reached skill level 1 in Fire Magic
   983 | D:2      | Killed Sigmund
   984 | D:2      | Reached skill level 5 in Hexes
   984 | D:2      | Reached XP level 4. HP: 26/33 MP: 2/7
   984 | D:2      | Reached XP level 5. HP: 30/38 MP: 2/8
   984 | D:2      | Reached XP level 6. HP: 35/44 MP: 2/9
  1058 | D:2      | Learned a level 4 spell: Cause Fear
  1755 | D:3      | Found a shadowy altar of Dithmenos.
  1757 | D:3      | Noticed Terence
  1793 | D:3      | Killed Terence
  2265 | D:3      | Reached XP level 7. HP: 51/51 MP: 10/10
  2322 | D:3      | Learned a level 3 spell: Portal Projectile
  2559 | D:3      | Found a hazy altar of Hepliaklqana.
  2773 | D:4      | Found a sparkling altar of Nemelex Xobeh.
  2918 | D:4      | Noticed Ijyb
  2923 | D:4      | Killed Ijyb
  3449 | D:4      | HP: 2/52 [poisoned by a scorpion]
  3762 | D:4      | Noticed Eustachio
  3781 | D:4      | Killed Eustachio
  3782 | D:4      | Reached skill level 5 in Ranged Weapons
  3782 | D:4      | Reached XP level 8. HP: 38/60 MP: 1/12
  4036 | D:4      | Found a runed translucent door.
  4037 | D:4      | Noticed Crazy Yiuf
  4064 | D:4      | Killed Crazy Yiuf
  4117 | D:4      | Identified the +8 hammer "Fyitt" {venom, rElec Int+2 Dex-4}
  4242 | D:5      | Entered Level 5 of the Dungeon
  4944 | D:5      | Found a staircase to the Ecumenical Temple.
  4951 | Temple   | Entered the Ecumenical Temple
  5107 | Temple   | Became a worshipper of Warmaster Okawaru
  5802 | D:6      | Reached skill level 1 in Invocations
  5904 | D:6      | Reached XP level 9. HP: 28/66 MP: 15/15
  6029 | D:6      | Noticed Grinder
  6047 | D:6      | Killed Grinder
  6047 | D:6      | Reached * piety under Okawaru
  6117 | D:6      | Found a burning altar of Makhleb.
  6540 | D:6      | Reached skill level 5 in Fighting
  6755 | D:6      | Found a bloodstained altar of Trog.
  6818 | D:6      | Found a glowing golden altar of the Shining One.
  6881 | D:7      | Noticed Menkaure
  6885 | D:7      | Killed Menkaure
  6886 | D:7      | Reached skill level 1 in Armour
  7218 | D:7      | Noticed Duvessa
  7224 | D:7      | Killed Duvessa
  7224 | D:7      | Reached ** piety under Okawaru
  7226 | D:7      | Noticed Dowan
  7232 | D:7      | Killed Dowan
  7481 | D:7      | You fall into a shaft and drop 3 floors!
  7481 | D:10     | Entered Level 10 of the Dungeon
  7481 | D:10     | Found a hide-covered altar of Uskayaw.
  7566 | D:10     | Reached skill level 5 in Invocations
  7566 | D:10     | Reached XP level 10. HP: 58/74 MP: 17/17
  7572 | D:10     | Reached skill level 5 in Spellcasting
  7717 | D:10     | Found a shimmering altar of Xom.
  7809 | D:10     | Reached *** piety under Okawaru
  7923 | D:10     | Noticed a gargoyle
  7929 | D:10     | Killed a gargoyle
  8010 | D:10     | Noticed a cyclops
  8010 | D:10     | Noticed a cyclops
  8011 | D:10     | Noticed a boulder beetle
  8015 | D:10     | Noticed a cyclops
  8024 | D:10     | Killed a cyclops
  8027 | D:10     | Killed a cyclops
  8027 | D:10     | Reached **** piety under Okawaru
  8033 | D:10     | Killed a cyclops
  8056 | D:10     | Killed a boulder beetle
  8057 | D:10     | Reached XP level 11. HP: 53/83 MP: 5/18
  8207 | D:10     | Reached ***** piety under Okawaru
  8491 | D:10     | Noticed a two-headed ogre
  8497 | D:10     | Killed a two-headed ogre
  8625 | D:10     | Noticed a two-headed ogre
  8650 | D:10     | Killed a two-headed ogre
  8651 | D:10     | Reached skill level 5 in Armour
  8913 | D:10     | Identified the +6 mace "Toeri" {vamp, rPois}
  8928 | D:10     | Learned a level 4 spell: Leda's Liquefaction
  8934 | D:10     | Learned a level 5 spell: Metabolic Englaciation
  8995 | D:10     | Noticed Sonja
  9005 | D:10     | Killed Sonja
  9005 | D:10     | Identified the quicksilver dragon scales "Ciobeaw" {Will+
                  | Stlth+} (Okawaru gifted it to you on level 10 of the
                  | Dungeon)
  9005 | D:10     | Received a gift from Okawaru
  9006 | D:10     | Reached skill level 1 in Earth Magic
  9010 | D:10     | Noticed Erolcha
  9020 | D:10     | Killed Erolcha
  9021 | D:10     | Reached skill level 10 in Ranged Weapons
  9502 | D:10     | Reached XP level 12. HP: 92/92 MP: 19/19
  9985 | D:10     | Found a shimmering blue altar of Sif Muna.
 10162 | D:11     | Found a staircase to the Orcish Mines.
 10182 | D:11     | Reached skill level 10 in Invocations
 10609 | D:11     | Reached skill level 10 in Hexes
 10678 | D:11     | Found a frozen archway.
 10726 | D:11     | Noticed Grum
 10731 | D:11     | Killed Grum
 10740 | IceCv    | Entered an ice cave
 10857 | IceCv    | Slain by a white ugly thing

Illustrated notes

Levels and vault maps discovered:
D:1:      enne_arrival_octagon_isle, layout_loops_ring,
          amcnicky_mini_corridor_feature
D:2:      layout_rooms, minmay_circled_x, uniq_sigmund
D:3:      layout_loops_ring, worldfamousw_hep_ancestral_shrine,
          lemuel_round_altar, uniq_terence
D:4:      minmay_opposing_rooms, layout_basic, nemelex_dance_club_becter,
          uniq_crazy_yiuf_cottage, uniq_eustachio, uniq_ijyb
D:5:      layout_loops_ring, minmay_temple_entry_grid
D:6:      layout_basic, mainiacjoe_overflow_concentric_impassable,
          trog_three_pillars_becter, lemuel_coloured_pillars_altar,
          corexii_hall_statues_s, roderic_serpentine_path, uniq_grinder
D:7:      layout_loops_ring, mainiacjoe_overflow_swirl, serial_shops,
          nicolae_diamond_shop, dk_vineyard_1, minivault_1, uniq_maggie,
          uniq_menkaure, uniq_duvessa
D:10:     minmay_the_grid_octo_tiled_squarecenter
          [minmay_the_grid_octo_fat_diamond, minmay_the_grid_octo_teeth,
          minmay_the_grid_octo_clover, minmay_the_grid_octo_concentric,
          minmay_the_grid_square_5x5_megaprize_hollow,
          minmay_the_grid_square_5x5_bracketed,
          minmay_the_grid_square_5x5_checkered_statues,
          minmay_the_grid_square_5x5_six, minmay_the_grid_square_5x5_longway],
          layout_loops_ring, mainiacjoe_overflow_six_doors_small,
          kennysheep_orc_sif_temple, tgw_xom, uniq_sonja, uniq_erolcha
D:11:     layout_basic, orc_david_3, portal_ice_cave_entry_ice_simulacra,
          uniq_grum
Temple:   hellmonk_temple_flake
IceCv:    ice_cave_statue_garden_chambered

Skill      XL: |  1  2  3  4  5  6  7  8  9 10 11 12 |
---------------+-------------------------------------+-----
Hexes          | 4 5 6 7 8 9 10 | 10.0
Fire Magic     | 1 2 3 |  3.0
Fighting       | 2 3 4 5 6 7 8 |  8.1
Ranged Weapons | 3 4 5 6 7 8 10 | 10.6
Spellcasting   | 2 3 4 5 |  5.0
Invocations    | 2 5 7 9 10 | 10.5
Armour         | 2 4 5 |  5.0
Earth Magic    | 2 3 |  3.0
Dodging        | |  1.7
Ice Magic      | |  0.2

Action                   |  1- 3 |  4- 6 |  7- 9 | 10-12 || total
-------------------------+-------+-------+-------+-------++-------
 Fire: Sling             |   127 |   120 |   341 |       ||   588
       Shortbow          |       |       |    18 |   341 ||   359
       Arbalest          |       |       |     8 |       ||     8
 Cast: Slow              |     1 |     5 |    32 |    22 ||    60
       Inner Flame       |     1 |     2 |    32 |    27 ||    62
       Cause Fear        |       |     1 |     8 |    12 ||    21
       Portal Projectile |       |       |     6 |     9 ||    15
       Leda's Liquefacti |       |       |       |     1 ||     1
Invok: Heroism           |       |       |       |     1 ||     1
  Use: Scroll            |       |       |     8 |     4 ||    12
       Potion            |       |       |     1 |     1 ||     2
Armor: Robe              |    23 |     5 |    45 |       ||    73
       Leather armour    |       |       |     2 |    39 ||    41
Dodge: Dodged            |    63 |    57 |   167 |    76 ||   363

Table legend: (Time is in decaauts)
 A = Elapsed time spent in this place.
 B = Non-inter-level travel time spent in this place.
 C = Inter-level travel time spent in this place.
 D = Time resting spent in this place.
 E = Time spent auto-exploring this place.
 F = Levels seen in this place.
 G = Mean time per level.
                   A        B        C        D        E       F      G
               +--------+--------+--------+--------+--------+-----+--------+
         Total |  10997 |  10721 |    276 |   2390 |   5989 |  11 |  999.7 |
       Dungeon |  10715 |  10460 |    255 |   2383 |   5853 |   9 | 1190.6 |
        Temple |    165 |    144 |     21 |      0 |    136 |   1 |  165.0 |
      Ice Cave |    116 |    116 |      0 |      7 |      0 |   1 |  116.0 |
               +--------+--------+--------+--------+--------+-----+--------+

Top non-repeatable levels by time:
    D:10: 2694 daAuts
     D:5: 1590 daAuts
     D:4: 1570 daAuts
     D:3: 1324 daAuts
     D:1: 985 daAuts
     D:6: 897 daAuts
     D:7: 609 daAuts
    D:11: 588 daAuts
     D:2: 454 daAuts
  Temple: 165 daAuts
   IceCv: 116 daAuts
